AoeStats
← FlorCe

Fortress

510534152Analyzed
1v1 RM · 2d ago on Oct 1, 2026· 29m 16s· 2 players
Game mode
Random Map
Map size
Small (3 player)
Population
200
Speed
Normal
Resources
Standard
Victory
Conquest
Starting age
Dark Age
Ending age
Imperial Age
RankedLock teamsTeams togetherTeam positionsShared explorationLock speedFull tech treeHidden civsTurbo modeCheats
Victory
Defeat
🇨🇳 Burgundians · China
976
+15
🇦🇷 Goths · Argentina
956
-15
FlorCe
1:38 Loom
8:43 Feudal Age
10:47 Double-Bit Axe
13:25 Castle Age
12:02 Forging
11:53 Scale Mail Armor
13:19 Horse Collar
15:08 Anarchy
15:32 Squires
Liz
0:27 Loom
0:57 Double-Bit Axe
7:43 Feudal Age
6:11 Horse Collar
6:56 Gold Mining
8:56 Bow Saw
9:04 Heavy Plow
15:38 Castle Age
14:22 Stone Mining
15:10 Gold Shaft Mining
15:15 Forging
15:42 Scale Barding Armor
17:38 Two-Man Saw
17:51 Cavalier
21:23 Crop Rotation
21:53 Husbandry
22:51 Wheelbarrow
Connection lost

Rejoining the realm…

Still unreachable

The connection could not be restored.

Session expired

The server has moved on; the page needs a fresh start.